 Dungeon Crawl Stone Soup version 0.29-a0-392-g297d3b089c (webtiles) character file.

Game seed: 5270128965066628274

523 quokkamancerX the Slicer (level 7, -8/44 HPs)
             Began as a Kobold Berserker on May 8, 2022.
             Was a Believer of Trog.
             Mangled by an orc warrior
             ... wielding a +0 glaive
              (12 damage)
             ... on level 4 of the Dungeon.
             The game lasted 00:20:06 (5912 turns).

quokkamancerX the Slicer (Kobold Berserker)         Turns: 5912, Time: 00:20:06

Health: -8/44      AC:  6    Str: 14    XL:     7   Next: 46%
Magic:  0/16       EV: 12    Int:  8    God:    Trog [**....]
Gold:   35         SH:  0    Dex: 17    Spells: 6/6 levels left

rFire   . . .      SeeInvis .   w - +2 rapier (flame)
rCold   . . .      Faith    .   (no shield)
rNeg    . . .      Spirit   +   v - +0 scale mail
rPois   .          Reflect  .   (no helmet)
rElec   .          Harm     .   (no cloak)
rCorr   +          Rampage  .   (no gloves)
Will    .....                   (no boots)
Stlth   +++.......              y - amulet of guardian spirit
HPRegen 0.14/turn               r - ring of resist corrosion
MPRegen 0.15/turn               o - ring of magical power

@: on berserk cooldown, slowed, very slow
A: small, no large weapons, nightstalker 3
a: Renounce Religion, Berserk, Trog's Hand


You were on level 4 of the Dungeon.
You worshipped Trog.
Trog was pleased with you.
You visited 1 branch of the dungeon, and saw 4 of its levels.

You collected 252 gold pieces.
You spent 217 gold pieces at shops.

Inventory:

Hand Weapons
 w - a +2 rapier of flaming (weapon)
Missiles
 x - a poisoned dart (quivered)
Armour
 v - a +0 scale mail (worn)
Jewellery
 o - a ring of magical power (right hand)
 r - a ring of resist corrosion (left hand)
 y - an amulet of guardian spirit (around neck)
Scrolls
 a - a scroll of identify {unknown}
 d - a scroll of summoning {unknown}
 f - 2 scrolls of immolation {unknown}
 h - a scroll of silence {unknown}
 i - a scroll of blinking {unknown}
 k - a scroll of teleportation {unknown}
 l - a scroll of noise {unknown}
 m - a scroll of poison
 q - a scroll of magic mapping {unknown}
 s - a scroll of enchant weapon {unknown}
 t - 3 scrolls of fog
Potions
 b - 2 potions of magic {unknown}
 c - 2 potions of degeneration {unknown}
 e - 2 potions of mutation {unknown}
 g - a potion of berserk rage {unknown}
 j - a potion of heal wounds {unknown}
 n - 2 potions of cancellation {unknown}
 p - a potion of curing {unknown}
 u - 2 potions of brilliance {unknown}
 z - a potion of invisibility {unknown}


   Skills:
 + Level 5.1 Fighting
 * Level 8.0 Short Blades
 - Level 1.5 Armour
 - Level 2.4 Dodging
 + Level 5.0 Stealth


You had 6 spell levels left.
You didn't know any spells.
Your spell library was empty.

Dungeon Overview and Level Annotations

Branches:
Dungeon (4/15)
 Temple: D:4-7

Altars:

Shops:
D:1 *

Portals:
Abyss: D:4

Annotations:
D:4 2 transporters, exclusion: 2 upstairs, quokkamancerX's ghost, amateur OgFE


Innate Abilities, Weirdness & Mutations

You are small and have problems with some larger weapons.
You are completely attuned to the shadows.


Message History

You completely miss the orc warrior.
You are no longer berserk.
You are exhausted.
You feel yourself slow down.
You hit the orc warrior but do no damage.
The orc warrior barely misses you. The orc hits you but does no damage.
The orc barely misses you. The giant cockroach closely misses you.
The orc warrior closely misses you. The orc closely misses you.
The orc hits you but does no damage.
You barely miss the orc warrior.
The giant cockroach bites you but does no damage.
The orc warrior barely misses you. The giant cockroach closely misses you.
The orc misses you. The orc hits you with a +0 flail.
You hit the orc warrior. You burn the orc warrior.
The orc warrior is moderately wounded.
The giant cockroach completely misses you.
The orc warrior hits you with a +0 glaive!
The orc hits you with a +0 flail. The orc closely misses you.
You barely miss the orc warrior.
The orc warrior is moderately wounded.
The giant cockroach bites you but does no damage.
The orc warrior closely misses you. The orc hits you with a +0 hand axe.
The orc hits you with a +0 flail. The giant cockroach misses you.
You hit the orc warrior but do no damage.
The orc warrior is moderately wounded.
The orc warrior barely misses you. The orc barely misses you. x2
The giant cockroach closely misses you. The orc attacks as you move away!
The orc closely misses you. The orc warrior misses you.
The giant cockroach barely misses you.
The orc warrior hits you with a +0 glaive!
* * * LOW HITPOINT WARNING * * *
You barely miss the orc warrior.
The orc warrior is moderately wounded.
The giant cockroach bites you but does no damage.
The orc warrior hits you with a +0 glaive.
The orc warrior hits you from afar with a +0 glaive!
* * * LOW HITPOINT WARNING * * *
The giant cockroach barely misses you.
The orc warrior hits you from afar with a +0 glaive!
You die...

##........#
#..#..###.# #...#
#..##..##.#
#..(###..###.##.# #
.8$##)..# #....##
#.#.(.##..######...
#.)o..##..........
######o####..........
....@Bo.....#........
#############........
....... .......
....... .......
....... ####..© #...


You could see an orc warrior, an orc and a giant cockroach.

Vanquished Creatures
  An orc warrior (D:3)
  A phantom (D:4)
  A scorpion (D:4)
  A howler monkey (D:4)
  An orc priest (D:4)
  A jelly (D:4)
  2 orc wizards
  6 adders
  3 worms
  2 dart slugs
  7 orcs
  5 endoplasms
  2 giant cockroaches
  6 goblins
  4 hobgoblins
  7 jackals
  3 kobolds
  5 quokkas
  10 ball pythons
  7 bats
  4 frilled lizards
  4 rats
83 creatures vanquished.

Notes
Turn   | Place    | Note
-------+----------+-------------------------------------------
     0 | D:1      | quokkamancerX the Kobold Berserker began the quest for the
                  | Orb.
     0 | D:1      | Reached XP level 1. HP: 14/14 MP: 1/1
   227 | D:1      | Reached skill level 1 in Stealth
   227 | D:1      | Reached XP level 2. HP: 19/19 MP: 2/2
   480 | D:1      | Reached XP level 3. HP: 17/23 MP: 3/3
   602 | D:1      | Found a faded altar of an unknown god.
   612 | D:1      | Found Huistit's Assorted Antiques.
  1100 | D:1      | Reached skill level 5 in Short Blades
  1709 | D:2      | Reached XP level 4. HP: 18/29 MP: 4/4
  2757 | D:2      | Reached XP level 5. HP: 12/33 MP: 5/5
  3487 | D:3      | Reached skill level 6 in Short Blades
  3564 | D:3      | Reached ** piety under Trog
  4381 | D:4      | Reached XP level 6. HP: 39/39 MP: 6/6
  4459 | D:4      | Reached skill level 7 in Short Blades
  4842 | D:1      | Bought a runed rapier for 217 gold pieces
  4952 | D:4      | Noticed an orc warrior
  5195 | D:4      | Found a one-way gate to the infinite horrors of the Abyss.
  5195 | D:4      | Noticed quokkamancerX's ghost (amateur OgFE)
  5263 | D:4      | Found a transporter.
  5273 | D:4      | Found a transporter.
  5368 | D:4      | Noticed a small abomination
  5495 | D:4      | Reached XP level 7. HP: 44/44 MP: 7/7
  5512 | D:3      | Reached skill level 5 in Fighting
  5896 | D:4      | Reached skill level 8 in Short Blades
  5896 | D:4      | Reached skill level 5 in Stealth
  5912 | D:4      | Mangled by an orc warrior

Illustrated notes

Levels and vault maps discovered:
D:1:      dpeg_arrival_water_temple_mockup, layout_basic, serial_shops,
          nicolae_shop_trees, hellmonk_ecumenical_altar_dog_temple
D:2:      layout_basic, nicolae_concentric_dashed_squares_mild
D:3:      layout_basic
D:4:      layout_rooms, gammafunk_ghost_abyssal_escape, hangedman_glass_teeth,
          guppyfry_early_orc_mine

Skill      XL: |  1  2  3  4  5  6  7 |
---------------+----------------------+-----
Stealth        | 1 2 3 4 5 |  5.0
Short Blades   | 5 6 7 8 |  8.0
Fighting       | 4 5 |  5.1
Armour         | |  1.5
Dodging        | |  2.4

Action                   |  1- 3 |  4- 6 |  7- 9 || total
-------------------------+-------+-------+-------++-------
Melee: Short sword       |    74 |   139 |       ||   213
       Rapier            |       |    24 |    20 ||    44
       Punch             |       |       |     1 ||     1
Throw: Boomerang         |       |     2 |       ||     2
       Dart              |       |       |     2 ||     2
Invok: Berserk           |     5 |     7 |     2 ||    14
  Use: Scroll            |       |     2 |       ||     2
 Stab: Sleeping          |     8 |    18 |     2 ||    28
Armor: Leather armour    |     7 |     7 |       ||    14
       Scale mail        |       |    13 |     7 ||    20
Dodge: Dodged            |    43 |    66 |    28 ||   137

Table legend: (Time is in decaauts)
 A = Elapsed time spent in this place.
 B = Non-inter-level travel time spent in this place.
 C = Inter-level travel time spent in this place.
 D = Time resting spent in this place.
 E = Time spent auto-exploring this place.
 F = Levels seen in this place.
 G = Mean time per level.
                   A        B        C        D        E       F      G
               +--------+--------+--------+--------+--------+-----+--------+
         Total |   5995 |   5602 |    393 |   2144 |   1879 |   4 | 1498.8 |
       Dungeon |   5995 |   5602 |    393 |   2144 |   1879 |   4 | 1498.8 |
               +--------+--------+--------+--------+--------+-----+--------+

Top non-repeatable levels by time:
     D:2: 1870 daAuts
     D:1: 1633 daAuts
     D:3: 1559 daAuts
     D:4: 933 daAuts
